 Dungeon Crawl Stone Soup version 0.13-a0-2281-ge1c0d72 (webtiles) character file.

545 Kae the Firebug (level 6, -1/32 HPs)
             Began as a Deep Elf Fire Elementalist on July 7, 2013.
             Was an Initiate of Vehumet.
             Slain by an iguana (13 damage)
             ... on Level 5 of the Dungeon.
             The game lasted 00:07:22 (3751 turns).

Kae the Firebug (Deep Elf Fire Elementalist)        Turns: 3751, Time: 00:07:22

HP  -1/32        AC 11     Str  7      XL: 6   Next: 43%
MP  13/19        EV 13     Int 20      God: Vehumet [......]
Gold 172         SH  0     Dex 15      Spells:  3 memorised,  7 levels left

Res.Fire  : . . .   See Invis. : .   (no weapon)
Res.Cold  : . . .   Warding    : .   a - +1 elf robe
Life Prot.: . . .   Conserve   : .   (no shield)
Res.Poison: .       Res.Corr.  : .   (no helmet)
Res.Elec. : .       Clarity    : .   k - +0 cloak
Sust.Abil.: . .     Spirit.Shd : .   t - +0 pair of gauntlets
Res.Mut.  : .       Stasis     : .   (no boots)
Res.Rott. : .       Flight     : .   (no amulet)
Saprovore : . . .                    q - +6 ring of protection
                                     p - cursed ring of wizardry

@: slightly resistant to hostile enchantments, fairly stealthy
A: no striking features
a: Renounce Religion


You were on level 5 of the Dungeon.
You worshipped Vehumet.
Vehumet was pleased with you.
You were hungry.

You visited 2 branches of the dungeon, and saw 6 of its levels.

You collected 152 gold pieces.

Inventory:

Armour
 a - a +1 elven robe (worn)
 k - a +0 cloak (worn)
 t - a +0 pair of gauntlets (worn)
Magical devices
 D - a wand of fire (8) {unknown}
Comestibles
 c - 2 bread rations
 g - a lemon
 m - 3 meat rations
 z - a choko
 C - a beef jerky
Scrolls
 e - a scroll of teleportation
 h - 4 scrolls of enchant weapon II
 s - a scroll of noise
 F - 2 scrolls of identify
 H - a scroll of remove curse
Jewellery
 p - a cursed ring of wizardry (left hand)
 q - a +6 ring of protection (right hand)
 r - an uncursed ring of teleportation
Potions
 d - a potion of porridge {unknown}
 f - 4 potions of curing
 i - a potion of speed {unknown}
 j - 3 potions of heal wounds
 n - a potion of invisibility {unknown}
 o - a potion of flight {unknown}
 u - 2 potions of confusion {unknown}
 v - 2 potions of restore abilities {unknown}
 w - a potion of brilliance {unknown}
 x - 2 potions of poison {unknown}
Books
 b - a book of Flames

   Spells                             Type                      Level
   *Flame Tongue                      Conjuration/Fire             1
   *Throw Flame                       Conjuration/Fire             2
   *Conjure Flame                     Conjuration/Fire             3
   Inner Flame                        Hexes/Fire                   3
   Sticky Flame                       Conjuration/Fire             4
   Fireball                           Conjuration/Fire             5
 y - a book of Necromancy

   Spells                             Type                      Level
   Pain                               Necromancy                   1
   Animate Skeleton                   Necromancy                   1
   Lethal Infusion                    Charms/Necromancy            2
   Vampiric Draining                  Necromancy                   3
   Regeneration                       Charms/Necromancy            3
   Animate Dead                       Necromancy                   4
   Control Undead                     Necromancy                   4


   Skills:
 - Level 2.4 Dodging
 - Level 2.4 Stealth
 + Level 4.0 Spellcasting
 * Level 4.6 Conjurations
 * Level 5.6 Fire Magic


You had 7 spell levels left.
You knew the following spells:

 Your Spells              Type           Power        Failure   Level  Hunger
a - Flame Tongue          Conj/Fire      ###..        1%          1    None
b - Throw Flame           Conj/Fire      ###...       1%          2    #......
c - Conjure Flame         Conj/Fire      ###.....     2%          3    ###....


Dungeon Overview and Level Annotations

Branches:
Dungeon (5/27)             Temple (1/1) D:4

Altars:
Ashenzari
Cheibriados
Fedhas
Kikubaaqudgha
Makhleb
Nemelex Xobeh
Sif Muna
Vehumet
Xom
Zin
the Shining One

Annotations
D:4 Purgy


Message History

Press: ? - help, Shift-Dir - straight line, f/p - iguana
Aim: an iguana (heavily wounded)
The flame misses the iguana.
The iguana misses you.
Casting: Flame Tongue
Confirm with . or Enter, or press ? or * to list all spells.
Aiming: Flame Tongue
Press: ? - help, Shift-Dir - straight line, f/p - iguana
Aim: an iguana (heavily wounded)
The flame hits the iguana.
The iguana appears unharmed.
The iguana is heavily wounded.
The iguana closely misses you.
Casting: Flame Tongue
Confirm with . or Enter, or press ? or * to list all spells.
Aiming: Flame Tongue
Press: ? - help, Shift-Dir - straight line, f/p - iguana
Aim: an iguana (heavily wounded)
The flame hits the iguana.
The iguana appears unharmed.
The iguana is heavily wounded.
The iguana bites you!
You die...

#.# ## #.#
.. #.#
####.###.#
#........#
#######..#
##..##
#....#
###@.#
........l.#
###.##..^#
#.[## #..#
#..# #..#
#..# ..#


You could see an iguana.

Vanquished Creatures
  A phantom (D:4)
  2 orc priests (D:4)
  A scorpion (D:4)
  A worker ant (D:4)
  3 gnolls (D:3)
  4 adders
  An inept feature mimic (D:5)
  A giant mite (D:4)
  2 worms
  2 giant geckos
  11 orcs
  A bat skeleton (D:4)
  4 giant cockroaches
  10 hobgoblins
  3 jackals (D:4)
  4 kobolds
  3 quokkas
  8 bats
  3 giant newts
  5 goblins
  2 orc skeletons (D:4)
  A quokka zombie (D:5)
  7 rats
80 creatures vanquished.

Notes
Turn   | Place    | Note
--------------------------------------------------------------
     0 | D:1      | Kae, the Deep Elf Fire Elementalist, began the quest for the Orb.
     0 | D:1      | Reached XP level 1. HP: 10/10 MP: 4/4
   210 | D:1      | Reached XP level 2. HP: 9/15 MP: 1/6
   214 | D:1      | Learned a level 2 spell: Throw Flame
   692 | D:2      | Found a blossoming altar of Fedhas.
   701 | D:2      | Reached skill level 4 in Fire Magic
   701 | D:2      | Reached XP level 3. HP: 5/19 MP: 6/9
  1154 | D:2      | Found a snail-covered altar of Cheibriados.
  1404 | D:3      | Reached XP level 4. HP: 20/24 MP: 5/12
  1425 | D:3      | Learned a level 3 spell: Conjure Flame
  2135 | D:4      | Reached XP level 5. HP: 28/28 MP: 6/15
  2328 | D:4      | Noticed Purgy
  2457 | D:4      | Found a staircase to the Ecumenical Temple.
  2482 | Temple   | Entered the Ecumenical Temple
  2583 | Temple   | Became a worshipper of Vehumet
  2597 | D:4      | Reached skill level 5 in Fire Magic
  3102 | D:4      | Noticed a phantom
  3119 | D:4      | Killed a phantom
  3119 | D:4      | Reached XP level 6. HP: 19/32 MP: 10/18
  3584 | D:5      | Entered Level 5 of the Dungeon
  3751 | D:5      | Slain by an iguana

Action                   |  1- 3 |  4- 6 || total
-------------------------+-------+-------++-------
Melee: Unarmed           |     6 |    34 ||    40
 Cast: Flame Tongue      |    60 |   135 ||   195
       Conjure Flame     |       |     4 ||     4
       Throw Flame       |       |     1 ||     1
  Use: Scroll            |    11 |     7 ||    18
